 Dungeon Crawl Stone Soup version 0.26-a0-661-g406de6ba63 (webtiles) character file.

Game seed: 4276658978565307135

343 Peloso the Covered (level 6, -2/53 HPs)
             Began as a Minotaur Fighter on Oct 9, 2020.
             Splashed by Ijyb's acid (8 damage)
             ... on level 5 of the Dungeon.
             The game lasted 00:05:06 (3724 turns).

Peloso the Covered (Minotaur Fighter)               Turns: 3724, Time: 00:05:07

Health: -2/53      AC:  9    Str: 21    XL:     6   Next: 31%
Magic:  5/5        EV:  8    Int:  5    God:
Gold:   165        SH: 10    Dex: 11    Spells: 5/5 levels left

rFire    . . .     SeeInvis .   a - +0 long sword
rCold    . . .     Faith    .   c - +0 kite shield
rNeg     . . .     Spirit   .   b - +0 scale mail
rPois    .         Reflect  .   (helmet restricted)
rElec    .         Harm     .   (no cloak)
rCorr    .         Rampage  .   (no gloves)
MR       .....                  h - +1 pair of boots
Stlth    ..........             (no amulet)
HPRegen  0.17/turn              (no ring)
MPRegen  0.09/turn              (no ring)

@: mighty
A: retaliatory headbutt, horns 2
a: no special abilities


You were on level 5 of the Dungeon.
You visited 1 branch of the dungeon, and saw 5 of its levels.

You collected 165 gold pieces.

Inventory:

Hand Weapons
 a - a +0 long sword (weapon)
Armour
 b - a +0 scale mail (worn)
 c - a +0 kite shield (worn)
 h - a +1 pair of boots (worn)
Jewellery
 p - an uncursed ring of resist corrosion {unknown}
Scrolls
 e - a scroll of immolation {unknown}
 f - 2 scrolls of remove curse {unknown}
 g - 5 scrolls of identify {unknown}
 i - a scroll of amnesia {unknown}
 j - a scroll of enchant armour {unknown}
 k - 4 scrolls of teleportation {unknown}
 m - 2 scrolls of fear {unknown}
Potions
 n - a potion of magic {unknown}
 o - a potion of heal wounds {unknown}


   Skills:
 + Level 4.7 Fighting
 + Level 4.6 Long Blades
 + Level 5.5 Armour
 + Level 1.2 Dodging
 + Level 5.1 Shields


You had 5 spell levels left.
You didn't know any spells.
Your spell library was empty.

Dungeon Overview and Level Annotations

Branches:
Dungeon (5/15)
 Temple: D:4-7

Altars:
Ashenzari
Makhleb
Sif Muna
Vehumet
Zin

Annotations:
D:5 Ijyb


Innate Abilities, Weirdness & Mutations

You reflexively headbutt those who attack you in melee.
You have a pair of horns on your head.


Message History

Ijyb is moderately wounded.
Ijyb hits you but does no damage.
You closely miss Ijyb.
Ijyb is moderately wounded.
Ijyb zaps a wand.
The bolt of acid misses you.
You feel better. Ijyb hits you with a +0 dagger.
You feel very mighty all of a sudden. You block Ijyb's attack.
You closely miss Ijyb.
Ijyb is moderately wounded.
You block Ijyb's attack. x2
You closely miss Ijyb.
Ijyb is moderately wounded.
You block Ijyb's attack.
You completely miss Ijyb. You headbutt Ijyb!
Ijyb is almost dead.
Ijyb zaps a wand.
The bolt of acid hits you!
* * * LOW HITPOINT WARNING * * *
You are splashed with acid!
You die...

#############
#.....@g....#
#.#########.#
#.#.# #.....#
#.#.###.###.#
#.#.....#<#.#
####
#.#######.#.#
...# #.#
#.#.# ...#
#.# #.#.#
...# #.#
#.#.#


You could see Ijyb.

Vanquished Creatures
  A sky beast (D:5)
  A jelly (D:4)
  An orc priest (D:4)
  Terence (D:2)
  A hound zombie (D:5)
  6 adders
  A white imp (D:5)
  An ooze (D:5)
  4 worms
  A dart slug (D:1)
  2 leopard geckos
  5 orcs
  7 bats
  4 giant cockroaches
  7 goblins
  7 hobgoblins
  5 jackals
  A quokka (D:2)
  A ball python (D:2)
  5 frilled lizards
  6 kobolds
  9 rats
77 creatures vanquished.

Notes
Turn   | Place    | Note
-------+----------+-------------------------------------------
     0 | D:1      | Peloso the Minotaur Fighter began the quest for the Orb.
     0 | D:1      | Reached XP level 1. HP: 19/19 MP: 0/0
   297 | D:1      | Reached XP level 2. HP: 27/27 MP: 1/1
   777 | D:1      | Reached XP level 3. HP: 33/33 MP: 2/2
  1326 | D:2      | Found a broken altar of Ashenzari.
  1480 | D:2      | Noticed Terence
  1501 | D:2      | Killed Terence
  1501 | D:2      | Reached XP level 4. HP: 29/41 MP: 3/3
  1713 | D:2      | Found a burning altar of Makhleb.
  1718 | D:2      | Found a glowing silver altar of Zin.
  1718 | D:2      | Noticed an angel
  1719 | D:2      | Noticed a cacodemon
  2715 | D:3      | Reached XP level 5. HP: 47/47 MP: 4/4
  2789 | D:3      | Found a radiant altar of Vehumet.
  2859 | D:3      | Found a shimmering blue altar of Sif Muna.
  3015 | D:4      | Reached skill level 1 in Dodging
  3026 | D:4      | Reached skill level 5 in Armour
  3155 | D:4      | Noticed an ogre
  3188 | D:5      | Entered Level 5 of the Dungeon
  3210 | D:5      | Noticed a sky beast
  3228 | D:5      | Killed a sky beast
  3228 | D:5      | Reached skill level 5 in Shields
  3228 | D:5      | Reached XP level 6. HP: 42/53 MP: 5/5
  3711 | D:5      | Noticed Ijyb
  3724 | D:5      | Splashed by Ijyb's acid

Illustrated notes

Levels and vault maps discovered:
D:1:      lemuel_arrival_cross, layout_basic, hangedman_decor_points,
          minmay_misc_feat_cross
D:2:      layout_basic, grunt_temple_overflow_order_and_chaos_2,
          nicolae_ashenzari_panopticon, serial_glass, glass_columns_a,
          glass_columns_a, uniq_terence
D:3:      layout_loops_ring, overflow_temple_1_default, lemuel_blue_sif_altar
D:4:      layout_gridville, uniq_menkaure
D:5:      layout_basic, lemuel_coloured_pillars_altar, minmay_misc_feat_tower,
          uniq_ijyb

Skill      XL: |  1  2  3  4  5 |
---------------+----------------+-----
Armour         | 4 5 |  5.5
Shields        | 4 5 |  5.1
Fighting       | 4 |  4.7
Long Blades    | 3 4 |  4.6
Dodging        | 1 |  1.2

Action                   |  1- 3 |  4- 6 || total
-------------------------+-------+-------++-------
Melee: Long sword        |   120 |   100 ||   220
       Headbutt          |    18 |    18 ||    36
  Use: Potion            |     1 |     2 ||     3
Armor: Scale mail        |    55 |    36 ||    91
Dodge: Dodged            |    30 |    34 ||    64
Block: Kite shield       |    87 |    51 ||   138
       Rpst.: Long sword |    10 |     6 ||    16

Table legend: (Time is in decaauts)
 A = Elapsed time spent in this place.
 B = Non-inter-level travel time spent in this place.
 C = Inter-level travel time spent in this place.
 D = Time resting spent in this place.
 E = Time spent auto-exploring this place.
 F = Levels seen in this place.
 G = Mean time per level.
                   A        B        C        D        E       F      G
               +--------+--------+--------+--------+--------+-----+--------+
         Total |   3794 |   3699 |     95 |     44 |   2970 |   5 |  758.8 |
       Dungeon |   3794 |   3699 |     95 |     44 |   2970 |   5 |  758.8 |
               +--------+--------+--------+--------+--------+-----+--------+

Top non-repeatable levels by time:
     D:2: 1099 daAuts
     D:1: 1097 daAuts
     D:3: 818 daAuts
     D:5: 546 daAuts
     D:4: 233 daAuts
